 Dungeon Crawl Stone Soup version 0.20-a0-903-g7e3609c (webtiles) character file.

639 memeslayer420 the Changer (level 7, 0/46 HPs)
             Began as a Pale Draconian Transmuter on Mar 20, 2017.
             Slain by a gnoll
             ... wielding a +0 spear
              (4 damage)
             ... on level 5 of the Dungeon.
             The game lasted 00:10:44 (3302 turns).

memeslayer420 the Changer (DrTm)                    Turns: 3302, Time: 00:10:45

Health: 0/46       AC:  7    Str: 12    XL:     7   Next: 25%
Magic:  19/19      EV: 12    Int: 20    God:
Gold:   252        SH:  0    Dex: 12    Spells: 6/10 levels left

rFire    + . .     SeeInvis .   h - +2 whip (elec)
rCold    + . .     Gourm    .   (armour unavailable)
rNeg     . . .     Faith    .   (no shield)
rPois    +         Spirit   .   (helmet restricted)
rElec    +         Reflect  .   (no cloak)
rCorr    +         Harm     .   (no gloves)
MR       .....                  f - +0 pair of boots (curse)
Stlth    +.........             (no amulet)
Regen    0.2/turn               v - ring of magical power
MPRegen  0.2/turn               d - +4 ring of slaying

@: confused, brilliant, resistant, flying, very slightly contaminated, hasted,
very quick
A: breathe steam, unfitting armour, antennae 1, talons 1, frail 1, electricity
resistance, cold-blooded, AC +6
a: Breathe Steam


You were on level 5 of the Dungeon.
You were not hungry.

You visited 1 branch of the dungeon, and saw 5 of its levels.

You collected 252 gold pieces.

Inventory:

Hand Weapons
 h - a +2 whip of electrocution (weapon)
Missiles
 a - 66 arrows
Armour
 f - a cursed +0 pair of boots (worn)
 m - a +2 pair of boots
Jewellery
 d - a +4 ring of slaying (left hand)
 v - a ring of magical power (right hand)
Wands
 u - a wand of flame (13/48)
Scrolls
 i - 5 scrolls of identify
 l - 3 scrolls of enchant weapon
 q - 2 scrolls of immolation
Potions
 j - 3 potions of curing
 o - a potion of brilliance
Books
 b - a book of Changes

   Spells                             Type                      Level
   a - Beastly Appendage              Transmutation                1
   b - Sticks to Snakes               Transmutation                2
   c - Spider Form                    Transmutation/Poison         3
   d - Ice Form                       Ice/Transmutation            4
   e - Blade Hands                    Transmutation                5
Comestibles
 c - 3 bread rations
 g - 3 royal jellies
 p - 3 chunks of flesh
 t - 2 fruits


   Skills:
 - Level 1.1 Fighting
 - Level 1.7 Dodging
 + Level 5.0 Unarmed Combat
 - Level 2.0 Spellcasting
 * Level 5.9 Transmutations
 + Level 3.4 Poison Magic


You had 6 spell levels left.
You knew the following spells:

 Your Spells              Type           Power        Failure   Level  Hunger
a - Beastly Appendage     Tmut           #####.       1%          1    #......
b - Spider Form           Tmut/Pois      ####......   1%          3    ###....


Dungeon Overview and Level Annotations

Branches:
Dungeon (5/15)
 Temple: D:4-7

Altars:
Nemelex Xobeh
Ru
Trog
Vehumet
Yredelemnul
Zin

Shops:
D:5 }


Innate Abilities, Weirdness & Mutations

You can breathe blasts of scalding, opaque steam.
Your pale cyan-grey scales are hard. (AC +6)
You cannot fit into any form of body armour.
You are cold-blooded and may be slowed by cold attacks.
You have a pair of small antennae on your head.
You have sharp toenails.
You are frail. (-10% HP)
You are resistant to electric shocks. (rElec)


Message History

The bullfrog skeleton hits you but does no damage.
The gnoll misses you.
You hear some strange, mumbled words.
You are confused.
You bump into the rock wall.
The bullfrog skeleton hits you but does no damage.
The gnoll hits you from afar with a spear.
* * * LOW HITPOINT WARNING * * *
The bullfrog skeleton hits you.
* * * LOW HITPOINT WARNING * * *
Something hits you.
* * * LOW HITPOINT WARNING * * *
It was a potion of haste.
You feel yourself speed up.
The bullfrog skeleton barely misses you.
The gnoll closely misses you. Something hits you but does no damage.
You are very lightly contaminated with residual magic.
You miss something. The bullfrog skeleton hits you.
* * * LOW HITPOINT WARNING * * *
The gnoll hits you from afar with a spear.
You die...

*,,,,,,,,,,** #........[.
**,,,,,,,,** ##..........
***,,,,,** #........... ***,,,*
#........... ***** ##...........
#............ # ###
#####..........., #
##.####..............,, #
######...g{@Z.............,,
######........{#######........,,,
...)........#### #..######*,,
..#####.....# #..# *,, ###
#....### *..# ***, #...## *..#
*,,, ##### **,,** *,,, **,,,,*
*,,, **,,,,,*****,,,


You could see a gnoll and a bullfrog skeleton.

Vanquished Creatures
  An ogre (D:4)
  2 scorpions (D:4)
  A howler monkey (D:4)
  3 orc wizards
  An orc priest (D:3)
  Jessica (D:2)
  A bullfrog skeleton (D:5)
  2 worker ants
  An iguana (D:4)
  Robin (D:2)
  2 adders (D:3)
  3 gnolls (D:5)
  A howler monkey skeleton (D:5)
  A shadow imp (D:5)
  2 worms
  3 dart slugs
  4 leopard geckos
  10 orcs
  A ball python (D:2)
  8 bats
  4 giant cockroaches
  10 goblins
  6 hobgoblins
  3 jackals (D:3)
  5 kobolds
  2 quokkas
  6 frilled lizards
  7 rats
92 creatures vanquished.

Notes
Turn   | Place    | Note
-------+----------+-------------------------------------------
     0 | D:1      | memeslayer420 the Draconian Transmuter began the quest for the Orb.
     0 | D:1      | Reached XP level 1. HP: 16/16 MP: 3/3
   220 | D:1      | You fall through a shaft!
   269 | D:1      | Reached XP level 2. HP: 19/23 MP: 5/5
   919 | D:2      | Found a sparkling altar of Nemelex Xobeh.
   945 | D:2      | Reached XP level 3. HP: 27/28 MP: 6/6
   957 | D:2      | Learned a level 3 spell: Spider Form
  1116 | D:2      | Noticed Jessica
  1120 | D:2      | Killed Jessica
  1152 | D:2      | Noticed Robin
  1155 | D:2      | Reached skill level 1 in Poison Magic
  1160 | D:2      | Killed Robin
  1160 | D:2      | Reached XP level 4. HP: 34/35 MP: 7/7
  1528 | D:3      | Found a sacrificial altar of Ru.
  1529 | D:3      | Found a radiant altar of Vehumet.
  1529 | D:3      | Found a bloodstained altar of Trog.
  1529 | D:3      | Found a glowing silver altar of Zin.
  1620 | D:3      | Reached XP level 5. HP: 26/40 MP: 8/8
  2251 | D:4      | Reached XP level 6. HP: 27/47 MP: 9/9
  2266 | D:4      | Reached skill level 5 in Transmutations
  2611 | D:4      | Found a basalt altar of Yredelemnul.
  3061 | D:4      | Your scales start taking on a pale cyan-grey colour.
  3061 | D:4      | Reached XP level 7. HP: 52/52 MP: 10/10
  3154 | D:5      | Entered Level 5 of the Dungeon
  3157 | D:5      | Found Avis's Quality Used Wands.
  3196 | D:5      | Reached skill level 5 in Unarmed Combat
  3272 | D:5      | HP: 1/52 [something/puff of flame (9)]
  3290 | D:5      | HP: 2/52 [something/magic dart (3)]
  3292 | D:5      | Gained mutation: You have a pair of small antennae on your head. [potion of mutation]
  3292 | D:5      | Gained mutation: You are frail. (-10% HP) [potion of mutation]
  3292 | D:5      | Gained mutation: You have sharp toenails. [potion of mutation]
  3292 | D:5      | Gained mutation: You are resistant to electric shocks. (rElec) [potion of mutation]
  3302 | D:5      | Slain by a gnoll

Vault maps used:
D:1:      elethiomel_arrival_shortcut
D:2:      nemelex_xobeh_ov_fountains_minmay, uniq_robin, uniq_jessica
D:3:      chequers_temple_overflow_statue_of_worship
D:4:      marbit_many_paths, first_bread
D:5:      nicolae_for_you_no_charge

Skill      XL: |  1  2  3  4  5  6  7 |
---------------+----------------------+-----
Transmutations | 3 4 5 |  5.9
Poison Magic   | 1 2 3 |  3.4
Unarmed Combat | 4 5 |  5.0
Fighting       | |  1.1
Dodging        | |  1.7
Spellcasting   | |  2.0

Action                   |  1- 3 |  4- 6 |  7- 9 || total
-------------------------+-------+-------+-------++-------
Melee: Whip              |    71 |   149 |    27 ||   247
       Unarmed           |    10 |       |       ||    10
       Tailslap          |     7 |    12 |     2 ||    21
       Headbutt          |     1 |       |       ||     1
       Punch             |       |     3 |     1 ||     4
 Cast: Beastly Appendage |     1 |       |       ||     1
  Use: Scroll            |     5 |       |     2 ||     7
       Potion            |       |       |     9 ||     9
 Stab: Sleeping          |     1 |     2 |       ||     3
       Distracted        |       |     1 |       ||     1
  Eat: Chunk             |     1 |     6 |     1 ||     8
Armor: Skin              |    19 |    56 |     9 ||    84
Dodge: Dodged            |    52 |    86 |    26 ||   164
